 Dungeon Crawl Stone Soup version 0.26-a0-810-ge1a9524b62 (webtiles) character file.

Game seed: 10230910829649079196

63191 marklar909 the Fighter (level 14, -2/124 HPs)
             Began as a Green Draconian Earth Elementalist on Nov 12, 2020.
             Was a High Priest of Sif Muna.
             Killed from afar by an orc sorcerer (34 damage)
             ... with a bolt of fire
             ... on level 2 of the Orcish Mines on Nov 13, 2020.
             The game lasted 01:04:38 (36749 turns).

marklar909 the Fighter (DrEE)                      Turns: 36749, Time: 01:04:39

Health: -2/124     AC: 22    Str: 13    XL:     14   Next: 67%
Magic:  36/36      EV: 18    Int: 16    God:    Sif Muna [*****.]
Gold:   2764       SH: 12    Dex: 14    Spells: 8/32 levels left

rFire    . . .     SeeInvis .   R - +8 whip "Snakebite" {curare, rPois}
rCold    . . .     Faith    .   o - +0 buckler
rNeg     . . .     Spirit   .   (armour unavailable)
rPois    +         Reflect  +   B - +2 hat {MR+}
rElec    .         Harm     .   C - +2 cloak
rCorr    .         Rampage  .   Z - +1 pair of gloves
MR       ++...                  G - +2 pair of boots
Stlth    +++.......             f - amulet of reflection
HPRegen  0.30/turn              D - +4 ring of protection
MPRegen  0.25/turn              v - ring of magical power

@: no status effects
A: breathe noxious fumes, unfitting armour, stinger 1, poison resistance,
cold-blooded, AC +8
a: Breathe Noxious Fumes, Channel Magic, Forget Spell, Divine Exegesis, Renounce
Religion


You were on level 2 of the Orcish Mines.
You worshipped Sif Muna.
Sif Muna was extremely pleased with you.
You visited 4 branches of the dungeon, and saw 21 of its levels.

You collected 3095 gold pieces.
You spent 331 gold pieces at shops.

Inventory:

Hand Weapons
 R - the +8 whip "Snakebite" (weapon) {curare, rPois}
   (You found it on level 1 of the Lair of Beasts)

   It poisons the flesh of those it strikes.
   It protects you from poison.
Missiles
 b - 435 stones (quivered)
Armour
 o - a +0 buckler (worn)
 B - a +2 hat of magic resistance (worn)
 C - a +2 cloak (worn)
 G - a +2 pair of boots (worn)
 Z - a +1 pair of gloves (worn)
Jewellery
 f - an amulet of reflection (around neck)
 v - a ring of magical power (right hand)
 D - a +4 ring of protection (left hand)
Wands
 r - a wand of iceblast (13)
 y - a wand of acid (11)
 A - a wand of disintegration (8)
 S - a wand of polymorph (7)
 T - a wand of paralysis (8)
Scrolls
 g - 7 scrolls of teleportation
 i - 2 scrolls of identify
 k - 5 scrolls of magic mapping
 m - 7 scrolls of remove curse
 q - a scroll of fog
 L - 4 scrolls of amnesia
 M - a scroll of silence
Potions
 a - 3 potions of resistance
 c - 6 potions of curing
 j - 2 potions of attraction
 l - 2 potions of mutation
 n - 3 potions of ambrosia
 t - a potion of lignification
 u - 2 potions of flight
 w - 2 potions of heal wounds
 x - a potion of berserk rage {unknown}
 F - a potion of brilliance
 H - a potion of magic {unknown}
 I - 2 potions of haste
 X - 2 potions of invisibility


   Skills:
 * Level 11.1 Fighting
 + Level 4.8 Maces & Flails
 * Level 9.5 Dodging
 + Level 4.1 Stealth
 * Level 10.4 Shields
 + Level 2.9 Unarmed Combat
 + Level 9.9 Spellcasting
 + Level 6.3 Conjurations
 * Level 3.1 Necromancy
 * Level 1.3 Translocations
 + Level 8.0 Transmutations
 + Level 11.0 Earth Magic
 + Level 1.1 Evocations


You had 8 spell levels left.
You knew the following spells:

 Your Spells              Type           Power        Failure   Level
a - Sandblast             Erth           #####.       1%          1
b - Stone Arrow           Conj/Erth      #####.       1%          3
c - Petrify               Tmut/Erth      #####...     1%          4
d - Lee's Rapid Deconstr  Erth           #####.....   2%          5
e - Borgnjor's Vile Clut  Necr/Erth      ####......   14%         5
f - Dispel Undead         Necr           ###.....     24%         4
g - Blink                 Tloc           N/A          8%          2

Your spell library contained the following spells:

 Spells                   Type           Power        Failure   Level
 Magic Dart               Conj           ####         1%          1
 Passwall                 Tmut/Erth      #####...     1%          2
 Foxfire                  Conj/Fire      ###.         2%          1
 Pain                     Necr           ###.         2%          1
 Corpse Rot               Necr/Air       N/A          7%          2
 Conjure Flame            Conj/Fire      ###.....     8%          3
 Leda's Liquefaction      Hex/Erth       ####......   10%         4
 Mephitic Cloud           Conj/Pois/Air  ##......     12%         3
 Call Imp                 Summ           #.......     14%         2
 Slow                     Hex            #.......     14%         2
 Gell's Gravitas          Tloc           ##........   16%         3
 Portal Projectile        Hex/Tloc       ##....       22%         3
 Animate Dead             Necr           ###.......   24%         4
 Sticky Flame             Conj/Fire      ###.....     26%         4
 Confusing Touch          Hex            #.......     28%         3
 Inner Flame              Hex/Fire       #.......     28%         3
 Yara's Violent Unravell  Hex/Tmut       ###.......   43%         5
 Excruciating Wounds      Necr           ###.......   56%         5
 Fireball                 Conj/Fire      ###.......   56%         5
 Metabolic Englaciation   Hex/Ice        #.........   95%         5
 Conjure Ball Lightning   Conj/Air       ###.......   98%         6
 Dispersal                Tloc           ##........   100%        6
 Invisibility             Hex            #.......     100%        6


Dungeon Overview and Level Annotations

Branches:
Dungeon (12/15)            Temple (1/1) D:7            Lair (6/6) D:11
  Swamp (0/4) Lair:2       Shoals (0/4) Lair:3        Slime (0/5) Lair:5
    Orc (2/2) D:12            Elf (0/3) Orc:2

Altars:
Ashenzari
Cheibriados
Dithmenos
Elyvilon
Fedhas
Gozag
Hepliaklqana
Kikubaaqudgha
Makhleb
Nemelex Xobeh
Okawaru
Qazlal
Ru
Sif Muna
Trog
Uskayaw
Vehumet
Wu Jian
Xom
Yredelemnul
Zin
The Shining One
Beogh

Shops:
D:5 [

Annotations:
Lair:4 Rupert


Innate Abilities, Weirdness & Mutations

You can breathe blasts of noxious fumes.
Your lurid green scales are hard. (AC +8)
You cannot fit into any form of body armour.
Your tail ends in a poisonous barb.
Your system is resistant to poisons. (rPois)
You are cold-blooded and may be slowed by cold attacks.


Message History

The orc priest yells at you, "GO AWAY!"
The orc wizard casts a spell.
The orc wizard flickers and vanishes!
Unknown command.
You have got your breath back.
An orc priest comes into view. It is wielding a +0 dagger.
The orc warrior hits the orc priest with a cursed +0 battleaxe!
The orc priest is killed!
Sif Muna accepts your kill. The ufetubus misses you.
You block the ufetubus's attack.
Unknown command.
The orc wizard gestures at you while chanting.
The puff of frost misses you.
The ynoxinul gestures.
An orc warrior comes into view. It is wielding a +0 morningstar.
The orc priest calls upon Beogh to heal the orc priest.
The orc priest is healed somewhat.
The orc sorcerer gestures at you while chanting.
The bolt of fire hits you!!
You die...

#.....................# ..# ...#
......................##.##....#.
....[............................
......[........................#
.#...).)................#.#...#
.......<[....^..........###..#
.......(............#........## .
.....(([[...#......#..........#..
............<...@5.3.........#...
...[(.............o55.5.{..$.....
.....[..)..............5........>
.........#............4#3{.......
..(................#..o)).)...#.#
..#..................o..).).##...
..#...................o.o).......
.......$.............oo..........
......#..........######...######.


You could see a smoke demon (summoned), a chaos spawn (summoned), 2 orc
sorcerers, an orc warrior (wandering), 2 orc priests, an orc wizard and 5
ufetubi.

Vanquished Creatures
  An orc warlord (Orc:2)
  2 dire elephants
  Erolcha (Orc:1)
  9 hydras
  Erica (D:12)
  A merfolk avatar (Lair:6)
  4 boulder beetles
  A two-headed ogre (D:12)
  2 catoblepae
  An ogre mage (Orc:1)
  2 orc high priests
  A sea snake (Lair:6)
  A harpy (Lair:6)
  An orc knight (Orc:1)
  An orc sorcerer (Orc:2)
  3 oklob plants (Lair:1)
  A deep elf mage (D:12)
  A cyclops (D:11)
  15 elephants
  10 black mambas
  17 cane toads
  Psyche (D:12)
  A gargoyle (D:12)
  A torpor snail (Lair:5)
  A centaur zombie (D:10)
  2 kobold demonologists (D:12)
  7 komodo dragons
  3 rime drakes
  5 polar bears
  6 trolls
  A hornet (Lair:6)
  2 tyrant leeches (Lair:2)
  2 wind drakes (Lair:6)
  Grinder (D:5)
  21 blink frogs
  A meliai zombie (D:12)
  A spriggan (Lair:1)
  A wraith (D:12)
  11 yaks
  11 wyverns
  A vampire mosquito (D:11)
  5 wargs (Orc:1)
  A swamp worm (Lair:2)
  An acid dragon (D:12)
  A swamp worm (shapeshifter) (D:12)
  2 hell hounds (Orc:1)
  19 water moccasins
  Duvessa (D:5)
  19 orc warriors
  5 ice beasts
  2 sky beasts
  2 black bears
  3 phantoms
  4 eyes of draining
  12 ogres
  4 wolves (Lair:5)
  10 centaurs
  9 big kobolds
  13 bullfrogs
  A gnoll sergeant (Orc:1)
  A wyvern skeleton (D:8)
  Dowan (D:5)
  7 scorpions
  9 killer bees
  9 wights
  3 howler monkeys
  20 orc priests
  A centaur skeleton (D:5)
  7 hounds
  7 jellies
  Crazy Yiuf (D:7)
  4 iguanas
  3 bullfrog skeletons
  18 orc wizards
  10 worker ants
  A hound skeleton (D:8)
  A worker ant zombie (D:7)
  A howler monkey zombie (D:5)
  21 adders
  11 gnolls
  2 shadow imps
  2 ufetubi (D:6)
  An adder skeleton (D:5)
  A worm (D:4)
  4 leopard geckos
  84 orcs
  2 ball pythons
  5 giant cockroaches
  11 goblins
  10 hobgoblins
  8 jackals
  4 quokkas
  10 bats
  7 frilled lizards
  24 kobolds
  A leopard gecko zombie (D:5)
  3 quokka skeletons
  A quokka zombie (D:5)
  8 rats
594 creatures vanquished.

Vanquished Creatures (others)
  51 fungi
  81 plants
132 creatures vanquished.

Grand Total: 726 creatures vanquished

Notes
Turn   | Place    | Note
-------+----------+-------------------------------------------
     0 | D:1      | marklar909 the Draconian Earth Elementalist began the quest
                  | for the Orb.
     0 | D:1      | Reached XP level 1. HP: 14/14 MP: 3/3
  1048 | D:2      | Reached XP level 2. HP: 20/20 MP: 3/5
  1120 | D:2      | Reached XP level 3. HP: 26/26 MP: 4/6
  1475 | D:2      | Learned a level 3 spell: Stone Arrow
  1615 | D:2      | Reached XP level 4. HP: 32/33 MP: 4/7
  2467 | D:3      | HP: 1/34 [orc wizard/puff of flame (10)]
  2766 | D:3      | Reached skill level 1 in Conjurations
  2766 | D:3      | Reached XP level 5. HP: 39/39 MP: 4/9
  2944 | D:3      | Found an ancient bone altar of Kikubaaqudgha.
  3059 | D:3      | Found a broken altar of Ashenzari.
  3059 | D:3      | Found a glowing golden altar of the Shining One.
  3678 | D:4      | Found an iron altar of Okawaru.
  3725 | D:4      | Reached skill level 1 in Fighting
  3895 | D:4      | Noticed a phantom
  3900 | D:4      | Reached skill level 1 in Unarmed Combat
  4123 | D:4      | Killed a phantom
  4123 | D:4      | Reached skill level 1 in Shields
  4123 | D:4      | Reached XP level 6. HP: 40/47 MP: 3/11
  4514 | D:4      | Reached skill level 5 in Earth Magic
  4534 | D:4      | Your scales start taking on a lurid green colour.
  4534 | D:4      | Reached XP level 7. HP: 48/56 MP: 0/12
  4534 | D:4      | Gained mutation: Your system is resistant to poisons.
                  | (rPois) [Green Draconian growth]
  5326 | D:4      | Identified the Collected Works on Ghastly Attacks
  5572 | D:5      | Entered Level 5 of the Dungeon
  6058 | D:5      | Reached XP level 8. HP: 63/63 MP: 6/14
  6224 | D:5      | Found Xuotarcho's Armour Shoppe.
  6427 | D:5      | Noticed Dowan
  6429 | D:5      | Noticed Duvessa
  6433 | D:5      | Killed Dowan
  6565 | D:5      | Killed Duvessa
  6743 | D:5      | Found a white marble altar of Elyvilon.
  6743 | D:5      | Found a snail-covered altar of Cheibriados.
  6976 | D:5      | Reached skill level 5 in Spellcasting
  7055 | D:5      | Bought a +2 hat of magic resistance for 273 gold pieces
  7055 | D:5      | Bought a +0 cloak for 58 gold pieces
  7191 | D:5      | Noticed Grinder
  7200 | D:5      | Killed Grinder
  7448 | D:5      | Learned a level 4 spell: Petrify
  7454 | D:5      | Learned a level 5 spell: Lee's Rapid Deconstruction
  8096 | D:6      | Reached XP level 9. HP: 60/72 MP: 10/17
  9631 | D:7      | Reached skill level 5 in Dodging
  9654 | D:7      | Reached skill level 5 in Fighting
 10183 | D:7      | Found a staircase to the Ecumenical Temple.
 10202 | D:7      | Found a sacrificial altar of Ru.
 10418 | D:7      | Found an ornate altar of the Wu Jian Council.
 10515 | D:7      | Found a runed translucent door.
 10516 | D:7      | Noticed Crazy Yiuf
 10558 | D:7      | Killed Crazy Yiuf
 10661 | Temple   | Entered the Ecumenical Temple
 10732 | Temple   | Became a worshipper of Sif Muna the Loreminder
 11721 | D:8      | Reached skill level 5 in Shields
 11721 | D:8      | Reached XP level 10. HP: 81/81 MP: 12/19
 11742 | D:8      | Reached * piety under Sif Muna
 12448 | D:9      | Found a shimmering altar of Xom.
 12448 | D:9      | Found a shimmering altar of Xom.
 12448 | D:9      | Found a shimmering altar of Xom.
 12448 | D:9      | Found a shimmering altar of Xom.
 12448 | D:9      | Found a shimmering altar of Xom.
 12448 | D:9      | Found a shimmering altar of Xom.
 13193 | D:9      | Reached ** piety under Sif Muna
 13654 | D:10     | Entered Level 10 of the Dungeon
 14030 | D:10     | Found a flagged portal.
 14661 | D:11     | Found a staircase to the Lair.
 15600 | D:11     | Reached XP level 11. HP: 91/91 MP: 21/21
 15899 | Lair:1   | Entered Level 1 of the Lair of Beasts
 16167 | Lair:1   | Noticed a catoblepas
 16201 | Lair:1   | Killed a catoblepas
 16201 | Lair:1   | Reached skill level 5 in Transmutations
 16585 | Lair:1   | Noticed a six-headed hydra
 16610 | Lair:1   | Killed a six-headed hydra
 17068 | Lair:1   | Reached *** piety under Sif Muna
 17220 | Lair:1   | Noticed an oklob plant
 17220 | Lair:1   | Noticed an oklob plant
 17220 | Lair:1   | Noticed an oklob plant
 17220 | Lair:1   | Noticed a four-headed hydra
 17236 | Lair:1   | Killed a four-headed hydra
 17535 | Lair:1   | Killed an oklob plant
 17710 | Lair:1   | Killed an oklob plant
 17872 | Lair:1   | Killed an oklob plant
 18831 | Lair:1   | Reached XP level 12. HP: 77/101 MP: 10/24
 19084 | Lair:1   | Found the +8 whip "Snakebite" {curare, rPois}
 20067 | Lair:2   | Reached skill level 1 in Maces & Flails
 20131 | Lair:2   | You fall into a shaft and drop 1 floor!
 20452 | Lair:2   | Found a staircase to the Swamp.
 21017 | Lair:3   | Reached skill level 5 in Conjurations
 21035 | Lair:3   | Reached **** piety under Sif Muna
 22058 | Lair:3   | Found a staircase to the Shoals.
 22064 | Lair:3   | Noticed a seven-headed hydra
 22073 | Lair:3   | Killed a seven-headed hydra
 22411 | Lair:4   | Noticed a catoblepas
 22415 | Lair:4   | Noticed Rupert
 22472 | Lair:4   | Killed a catoblepas
 24075 | Lair:5   | Reached XP level 13. HP: 76/111 MP: 25/25
 24119 | Lair:5   | Reached skill level 10 in Earth Magic
 24539 | Lair:5   | Found a staircase to the Slime Pits.
 25980 | Lair:6   | Entered Level 6 of the Lair of Beasts
 26474 | Lair:5   | Reached skill level 10 in Fighting
 27087 | Lair:4   | Paralysed by Rupert for 2 turns
 28493 | Lair:6   | Noticed a dire elephant
 28542 | Lair:5   | Killed a dire elephant
 28953 | Lair:6   | Reached ***** piety under Sif Muna
 29348 | Lair:6   | Identified Akhogom's Reference Book on Evil Translocation
                  | (Sif Muna gifted it to you on level 6 of the Lair of
                  | Beasts)
 29348 | Lair:6   | Received a gift from Sif Muna
 29419 | Lair:6   | Learned a level 5 spell: Borgnjor's Vile Clutch
 29424 | Lair:6   | Learned a level 4 spell: Dispel Undead
 30395 | Lair:6   | Gained mutation: Your tail ends in a poisonous barb. [Green
                  | Draconian growth]
 30395 | Lair:6   | Reached XP level 14. HP: 90/122 MP: 27/27
 31069 | D:12     | Noticed Psyche
 31083 | D:12     | Killed Psyche
 31258 | D:12     | Reached skill level 1 in Necromancy
 32675 | D:12     | Got an ancient golden ring
 33193 | D:12     | Found a staircase to the Orcish Mines.
 33255 | D:12     | Identified the ring of Caxea {*Tele rPois rF+} (You found
                  | it on level 12 of the Dungeon)
 33337 | Orc:1    | Entered Level 1 of the Orcish Mines
 33337 | Orc:1    | Noticed Erica
 33361 | D:12     | Killed Erica
 33531 | Orc:1    | Learned a level 2 spell: Blink
 33655 | Orc:1    | Noticed Erolcha
 33670 | Orc:1    | HP: 2/122 [orc priest/divine providence (13)]
 33676 | Orc:1    | Killed Erolcha
 34209 | Orc:1    | Reached skill level 10 in Shields
 34287 | Orc:1    | Reached skill level 1 in Evocations
 34757 | Orc:1    | Found a roughly hewn altar of Beogh.
 34821 | Orc:2    | Entered Level 2 of the Orcish Mines
 34997 | Orc:1    | Identified Xittat's Catalogue of Bewitchment and Black
                  | Rituals (Sif Muna gifted it to you on level 1 of the Orcish
                  | Mines)
 34997 | Orc:1    | Received a gift from Sif Muna
 35664 | Orc:2    | Noticed an orc warlord
 36484 | Orc:2    | Killed an orc warlord
 36484 | Orc:2    | Reached skill level 1 in Translocations
 36715 | Orc:2    | Found a staircase to the Elven Halls.
 36734 | Orc:2    | Paralysed by an orc sorcerer for 3 turns
 36749 | Orc:2    | Killed from afar by an orc sorcerer

Illustrated notes

Levels and vault maps discovered:
D:1:      mrwooster_arrival_arrow, layout_basic, bh_walls_and_bars
D:2:      layout_rooms
D:3:      cheibrodos_greedy_goblins, layout_rooms, lemuel_round_altar,
          gammafunk_temple_overflow_statue, minmay_cupped
D:4:      kennysheep_spiral_hall, layout_loops_corners,
          kennysheep_okawaru_gauntlet
D:5:      cheibrodos_fzero, layout_loops_ring,
          gammafunk_temple_overflow_elements, serial_shops,
          nicolae_shop_waterfront, uniq_duvessa, uniq_grinder
D:6:      lemuel_ice_spiral_2, layout_rooms
D:7:      layout_basic, nicolae_ru_great_annihilating_truth, kennysheep_mini,
          minmay_temple_entry_overgrown, uniq_crazy_yiuf_cottage
D:8:      minmay_polygon_palace, layout_loops_ring
D:9:      layout_cave_pools, xom_shifter_show
D:10:     layout_cave_pools, enter_bailey_8
D:11:     layout_basic, david_lair_shrubbed, gauntlet_entry_generic
D:12:     hourglass_vault, layout_loops_ring, orc_0_dummy, uniq_psyche
Temple:   nicolae_temple_great_sept
Lair:1:   minmay_guarded_unrand_snakebite, layout_layer_cave,
          grunt_forest_large_clearing_hut, lemuel_fruit_fields,
          minmay_lair_oklob_chamber, serial_bayou_shore_b
Lair:2:   layout_concentric_octagons, minmay_swamp_entry_worms
Lair:3:   layout_cave_pods, shoals_dummy_entry, grunt_megastairs_5
Lair:4:   layout_gridlike, uniq_rupert
Lair:5:   layout_long_grid, minmay_slime_entry_oklob_open
Lair:6:   gammafunk_lair_ancient_temple, layout_big_grid, lemuel_fruit_tree
Orc:1:    layout_caves, enter_volcano_3, minmay_orc_temple_c, uniq_erolcha,
          uniq_sonja, uniq_erica
Orc:2:    st_orc_mages, layout_caves, uniq_urug

Skill      XL: |  1  2  3  4  5  6  7  8  9 10 11 12 13 14 |
---------------+-------------------------------------------+-----
Stealth        | 2 3 4 |  4.1
Dodging        | 2 3 4 5 6 7 8 9 |  9.5
Earth Magic    | 4 5 6 7 8 9 10 11 | 11.0
Conjurations   | 1 2 3 4 5 6 |  6.3
Spellcasting   | 3 4 5 6 7 8 9 |  9.9
Fighting       | 1 2 3 4 5 6 8 9 10 11 | 11.1
Unarmed Combat | 1 2 |  2.9
Shields        | 1 2 3 5 7 8 9 10 | 10.4
Transmutations | 3 4 6 7 8 |  8.0
Maces & Flails | 2 3 4 |  4.8
Necromancy     | 3 |  3.1
Evocations     | 1 |  1.1
Translocations | 1 |  1.3

Action                   |  1- 3 |  4- 6 |  7- 9 | 10-12 | 13-15 || total
-------------------------+-------+-------+-------+-------+-------++-------
Melee: Unarmed           |     2 |    45 |    37 |    70 |       ||   154
       Tailslap          |       |     1 |     6 |    38 |   126 ||   171
       Punch             |       |       |     1 |       |       ||     1
       Whip              |       |       |       |   171 |   657 ||   828
Throw: Stone             |       |       |       |     1 |     2 ||     3
 Cast: Sandblast         |    37 |   124 |    99 |   172 |   104 ||   536
       Stone Arrow       |       |     7 |   155 |   292 |   150 ||   604
       Lee's Rapid Decon |       |       |       |     6 |    10 ||    16
       Petrify           |       |       |       |     3 |       ||     3
       Borgnjor's Vile C |       |       |       |       |     5 ||     5
 Abil: Breathe Noxious F |       |       |    25 |    21 |    24 ||    70
Evoke: Wand              |       |       |       |     2 |     5 ||     7
  Use: Scroll            |       |       |    15 |    12 |    18 ||    45
       Potion            |       |       |       |       |     7 ||     7
 Stab: Confused          |       |       |     2 |     2 |     7 ||    11
       Petrified         |       |       |       |     3 |       ||     3
       Sleeping          |       |       |       |     5 |     1 ||     6
Armor: Skin              |     5 |    31 |    36 |   138 |   272 ||   482
Dodge: Dodged            |     7 |    66 |    82 |   306 |   553 ||  1014
Block: Buckler           |       |       |    42 |   280 |   541 ||   863
       Reflection        |       |       |     7 |     4 |    24 ||    35

Table legend: (Time is in decaauts)
 A = Elapsed time spent in this place.
 B = Non-inter-level travel time spent in this place.
 C = Inter-level travel time spent in this place.
 D = Time resting spent in this place.
 E = Time spent auto-exploring this place.
 F = Levels seen in this place.
 G = Mean time per level.
                   A        B        C        D        E       F      G
               +--------+--------+--------+--------+--------+-----+--------+
         Total |  36806 |  35317 |   1489 |  10607 |  19761 |  21 | 1752.7 |
       Dungeon |  18492 |  17801 |    691 |   3394 |  12017 |  12 | 1541.0 |
        Temple |     83 |     71 |     12 |      0 |     68 |   1 |   83.0 |
          Lair |  15217 |  14513 |    704 |   5465 |   7106 |   6 | 2536.2 |
  Orcish Mines |   3013 |   2932 |     81 |   1748 |    570 |   2 | 1506.5 |
               +--------+--------+--------+--------+--------+-----+--------+

Top non-repeatable levels by time:
  Lair:5: 4511 daAuts
  Lair:1: 3445 daAuts
   Orc:1: 2785 daAuts
  Lair:6: 2510 daAuts
     D:5: 2090 daAuts
    D:12: 2023 daAuts
    D:11: 1928 daAuts
     D:4: 1869 daAuts
     D:7: 1836 daAuts
     D:8: 1650 daAuts
  Lair:2: 1588 daAuts
  Lair:4: 1583 daAuts
  Lair:3: 1577 daAuts
     D:1: 1384 daAuts
     D:6: 1211 daAuts
